 Dungeon Crawl Stone Soup version 0.18.1-48-g4cf74bf (webtiles) character file.

14 atgrul the Digger (level 2, -3/19 HPs)
             Began as a Formicid Earth Elementalist on July 30, 2016.
             Slain by a gnoll
             ... wielding a +0 club
              (7 damage)
             ... on level 1 of the Dungeon.
             The game lasted 00:02:27 (884 turns).

atgrul the Digger (Formicid Earth Elementalist)      Turns: 884, Time: 00:02:28

Health: -3/19      AC:  2    Str: 12    XL:     2   Next: 60%
Magic:  1/5        EV: 11    Int: 14    God:
Gold:   32         SH:  0    Dex: 11    Spells: 1 memorised, 4 levels left

rFire  . . .     SeeInvis +     j - +0 dagger (drain)
rCold  . . .     Gourm    .     a - +0 robe
rNeg   . . .     Faith    .     (no shield)
rPois  .         Spirit   .     (helmet unavailable)
rElec  .         Dismiss  .     (no cloak)
rCorr  .         Reflect  .     (no gloves)
SustAt .         Harm     .     (no boots)
MR     .....                    (no amulet)
Stlth  ++........               (no ring)
                                (no ring)

@: very slightly contaminated, drained, not resistant to hostile enchantments,
unstealthy
A: permanent stasis, dig shafts and tunnels, four strong arms, antennae 3
a: Dig, Shaft Self


You were on level 1 of the Dungeon.
You were not hungry.

You visited 1 branch of the dungeon, and saw 1 of its levels.

You collected 32 gold pieces.

Inventory:

Hand Weapons
 f - a +0 short sword
 j - a +0 dagger of draining (weapon)
Missiles
 b - 55 stones (quivered)
Armour
 a - a +0 robe (worn)
Scrolls
 i - a scroll of teleportation {unknown}
Potions
 e - a potion of flight {unknown}
 g - a potion of curing {unknown}
Books
 c - a book of Geomancy

   Spells                             Type                      Level
   a - Sandblast                      Earth                        1
   b - Passwall                       Transmutation/Earth          2
   c - Stone Arrow                    Conjuration/Earth            3
   d - Petrify                        Transmutation/Earth          4
   e - Lee's Rapid Deconstruction     Earth                        5
Comestibles
 d - a bread ration
 h - 2 fruits
 k - a chunk of flesh


   Skills:
 + Level 0.4(0.0) Short Blades
 - Level 1.7(1.1) Dodging
 - Level 2.4(1.7) Stealth
 - Level 2.1(1.5) Spellcasting
   Level 1.1(0.4) Transmutations
 + Level 4.4(3.8) Earth Magic


You had 4 spell levels left.
You knew the following spells:

 Your Spells              Type           Power        Failure   Level  Hunger
a - Sandblast             Erth           ##....       6%          1    ##.....


Dungeon Overview and Level Annotations

Branches:
Dungeon (1/15)

Altars:


Innate Abilities, Weirdness & Mutations

You are under a permanent stasis effect.
You can dig through walls and to a lower floor.
Your four strong arms can wield two-handed weapons with a shield.
You have a pair of large antennae on your head (SInv).


Message History

You miscast Sandblast.
You are showered with tiny particles of grit.
The gnoll barely misses you.
Casting: Sandblast
Confirm with . or Enter, or press ? or * to list all spells.
Aiming: Sandblast
Press: ? - help, Shift-Dir - straight line, f/p - gnoll
Aim: a gnoll, wielding a club (heavily wounded)
The blast of sand hits the gnoll.
The gnoll is heavily wounded.
The gnoll hits you with a club!
You completely miss the gnoll.
The gnoll is heavily wounded.
The gnoll hits you with a club.
* * * LOW HITPOINT WARNING * * *
You hit the gnoll but do no damage.
The gnoll is heavily wounded.
The gnoll barely misses you. The gnoll hits you with a club!
You die...

...#########........#.######
.......†......(....(.........
...#########........#.#######
........................
...##############.###.####
...# #............ ...#
#.##..##..### ...#
#.#.g.(...... ...#
#######.#@#.##..### ####
#.......#.#.##..###
#.......#..........
#.......###.##.####
########..................
....................#.####
########......#####...# #
#......# ...# # #......# ..>#


You could see a gnoll.

Vanquished Creatures
  2 giant cockroaches (D:1)
  A goblin (D:1)
  3 jackals (D:1)
  5 kobolds (D:1)
  A bat (D:1)
  2 rats (D:1)
14 creatures vanquished.

Notes
Turn   | Place    | Note
--------------------------------------------------------------
     0 | D:1      | atgrul the Formicid Earth Elementalist began the quest for the Orb.
     0 | D:1      | Reached XP level 1. HP: 13/13 MP: 3/3
   431 | D:1      | Reached skill level 4 in Earth Magic
   618 | D:1      | Reached XP level 2. HP: 18/19 MP: 1/5
   884 | D:1      | Slain by a gnoll

Skill      XL: |  1 |
---------------+----+-----
Earth Magic    | 4 |  4.4
Short Blades   | |  0.4
Dodging        | |  1.7
Stealth        | |  2.4
Spellcasting   | |  2.1
Transmutations | |  1.1

Action                   || total
-------------------------++-------
Melee: Unarmed           ||     4
       Short sword       ||    12
       Dagger            ||     8
Throw: Stone             ||    12
 Cast: Sandblast         ||    21
Armor: Robe              ||     8
Dodge: Dodged            ||    24
